 Dungeon Crawl Stone Soup version 0.30-a0-702-gdf48620a09 (webtiles) character file.

Game seed: 7345582465833406529

11323 gelatine the Arsonist (level 11, -5/83 HPs)
             Began as a Demonspawn Fire Elementalist on Jan 21, 2023.
             Was a Priest of Vehumet.
             Killed from afar by a rime drake (16 damage)
             ... with an icy flash freeze
             ... on level 10 of the Dungeon.
             The game lasted 00:34:22 (10365 turns).

gelatine the Arsonist (DsFE)                       Turns: 10365, Time: 00:34:23

Health: -5/83      AC: 16    Str:  8    XL:     11   Next: 47%
Magic:  9/31       EV: 13    Int: 26    God:    Vehumet [***...]
Gold:   374        SH:  0    Dex: 15    Spells: 15/24 levels left

rFire   + . .      SeeInvis .    v - +2 war axe (venom)
rCold   . . .      Faith    .    (no shield)
rNeg    . . .      Spirit   .    o - +3 ring mail {rPois}
rPois   +          Reflect  .    h - +0 helmet
rElec   +          Harm     .    k - +0 cloak
rCorr   .          Rampage  .    Y - +0 pair of gloves
Will    +....                    (no boots)
Stlth   ++                       t - amulet of magic regeneration
HPRegen 0.33/turn                R - +6 ring of intelligence
MPRegen 0.84/turn                c - ring "Gonne" {rElec Will+ MP+9 AC+4}

@: no status effects
A: spiny 1, magic regeneration, sturdy frame 1, weakness stinger 2, talons 1,
fire resistance 1, wild magic 1
a: Renounce Religion


You were on level 10 of the Dungeon.
You worshipped Vehumet.
Vehumet was most pleased with you.
You visited 2 branches of the dungeon, and saw 11 of its levels.
You also visited: Sewer.

You collected 513 gold pieces.
You spent 139 gold pieces at shops.

Inventory:

Hand Weapons
 e - a +2 great sword
 s - a +1 battleaxe
 v - a +2 war axe of venom (weapon)
 S - a +3 falchion
 T - a +0 short sword of freezing
 U - a +0 rapier
Missiles
 B - 2 curare-tipped darts
 C - 28 poisoned darts
Armour
 g - a +0 chain mail of fire resistance
 h - a +0 helmet (worn)
 k - a +0 cloak (worn)
 m - a +0 hat
 o - a +3 ring mail of poison resistance (worn)
 L - a +1 ring mail of willpower
 O - the +1 robe of Contumacious Joy {Harm rPois Will+}
   (You found it on level 6 of the Dungeon)

   rPois:     It protects you from poison.
   Harm:      It increases damage dealt and taken.
   Will:      It increases your willpower.
 W - +0 acid dragon scales
 Y - a +0 pair of gloves (worn)
Jewellery
 c - the ring "Gonne" (right hand) {rElec Will+ MP+9 AC+4}
   (You acquired it on level 6 of the Dungeon)

   [ring of protection]

   AC:        It affects your AC (+4).
   rElec:     It insulates you from electricity.
   MP:        It affects your magic capacity (+9).
   Will:      It increases your willpower.
 i - an amulet of faith
 q - a +6 ring of strength
 t - an amulet of magic regeneration (around neck)
 N - a ring of protection from cold
 R - a +6 ring of intelligence (left hand)
Wands
 a - a wand of acid (14)
 A - a wand of paralysis (3)
 M - a wand of flame (19)
 V - a wand of digging (3)
 X - a wand of polymorph (5)
Scrolls
 d - a scroll of poison {unknown}
 f - 3 scrolls of fog {unknown}
 p - 3 scrolls of noise {unknown}
 r - a scroll of summoning {unknown}
 x - a scroll of amnesia {unknown}
 y - a scroll of immolation {unknown}
 D - 3 scrolls of enchant weapon {unknown}
 H - 2 scrolls of magic mapping {unknown}
 I - a scroll of vulnerability {unknown}
 K - 4 scrolls of teleportation {unknown}
Potions
 b - a potion of brilliance
 j - 3 potions of invisibility
 l - 2 potions of mutation
 n - 3 potions of might
 u - 2 potions of heal wounds
 w - 2 potions of lignification
 z - a potion of magic
 E - a potion of cancellation
 F - 3 potions of haste
 G - 2 potions of curing
 J - a potion of attraction
 Q - a potion of berserk rage


   Skills:
 * Level 6.6 Fighting
 + Level 0.7(1.0) Short Blades
 + Level 0.5(0.8) Long Blades
 + Level 2.2 Axes
 * Level 4.6 Armour
 * Level 5.7 Dodging
 + Level 2.3 Stealth
 + Level 7.3 Spellcasting
 * Level 7.2 Conjurations
 * Level 9.0 Fire Magic
 * Level 1.0 Air Magic
 + Level 3.6 Evocations


You had 15 spell levels left.
You knew the following spells:

 Your Spells              Type           Power      Damage    Failure   Level
a - Foxfire               Conj/Fire      100%       2x1d9     1%          1
b - Scorch                Fire           100%       2d10      1%          2
c - Flame Wave            Conj/Fire      61%        2d14      1%          4
d - Static Discharge      Conj/Air       80%        2-6/arc   1%          2

Your spell library contained the following spells:

 Spells                   Type           Power      Damage    Failure   Level
 Ignite Poison            Fire/Tmut/Pois 32%        N/A       3%          3
 Inner Flame              Hex/Fire       43%        N/A       2%          3
 Kindle Blastsparks       Fire/Tloc/Air  70%        2d15      3%          3
 Summon Cactus Giant      Summ           6%         N/A       100%        6


Dungeon Overview and Level Annotations

Branches:
Dungeon (10/15)            Temple (1/1) D:7             Orc (0/2) D:9
  Sewer (visited)
   Lair: D:8-11

Altars:
Ashenzari
Cheibriados
Dithmenos
Fedhas
Gozag
Hepliaklqana
Kikubaaqudgha
Makhleb
Nemelex Xobeh
Okawaru
Qazlal
Ru
Sif Muna
Trog
Uskayaw
Vehumet
Wu Jian
Xom
Yredelemnul

Shops:
D:9 [


Innate Abilities, Weirdness & Mutations

You are partially covered in sharp spines.
You regenerate magic rapidly.
Your movements are slightly less encumbered by armour. (ER -2)
You have a tail ending in a sharp stinger.
You have sharp toenails.
Your flesh is heat resistant. (rF+)
Your spells are a little harder to cast, but a little more powerful.


Message History

The yak is struck by an arc of lightning.
The yak is moderately wounded.
The ice beast is struck by an arc of lightning.
The ice beast is severely wounded.
The yak is struck by an arc of lightning.
The yak is heavily wounded.
You resist.
You are struck by an arc of lightning.
The yak is struck by your spines. The yak closely misses you.
Casting: Static Discharge (safe; 1% risk of failure)
Confirm with . or Enter, or press ? or * to list all spells.
The yak is struck by an arc of lightning.
The yak is heavily wounded.
You resist.
You are struck by an arc of lightning.
* * * LOW HITPOINT WARNING * * *
The lightning grounds out.
The yak gores you but does no damage.
Casting: Static Discharge (safe; 1% risk of failure)
Confirm with . or Enter, or press ? or * to list all spells.
The yak is struck by an arc of lightning.
The yak is severely wounded.
The ice beast is struck by an arc of lightning.
The ice beast is severely wounded.
The rime drake is struck by an arc of lightning.
The rime drake is lightly wounded.
Something is struck by an arc of lightning.
The lightning grounds out.
The yak is struck by your spines. The yak gores you but does no damage.
Casting: Static Discharge (safe; 1% risk of failure)
Confirm with . or Enter, or press ? or * to list all spells.
The yak is struck by an arc of lightning.
The yak is almost dead.
You resist.
You are struck by an arc of lightning.
* * * LOW HITPOINT WARNING * * *
The yak is struck by an arc of lightning!
You kill the yak!
Vehumet accepts your kill. You resist.
You are struck by an arc of lightning.
* * * LOW HITPOINT WARNING * * *
The rime drake breathes ice at you. The icy flash freeze hits you!
You die...

########## #........#
#######.######.#
#.......######.#
#.###....))....#########
#.########Y.@....... #.#
#k######### ##.## #.#
##...## #Y# # ##.....##
#.#.# #.......#####~o#
.#.#[........#†)......
.#.......##.....)Y...~
........##............


You could see a rime drake (catching breath) and an ice beast.

Vanquished Creatures
  A two-headed ogre (D:10)
  The ghost of Newt the Chopper, a novice DsGl of Makhleb (D:6)
  A cyclops (D:9)
  Maggie (D:9)
  3 unseen horror skeletons (D:6)
  A polar bear (D:10)
  4 wyverns
  14 yaks
  A steam dragon (D:7)
  Menkaure (D:4)
  4 water moccasins
  Duvessa (D:4)
  An acid dragon (D:8)
  9 orc warriors
  5 ice beasts
  2 sky beasts
  2 black bears (D:6)
  An ogre (D:5)
  2 centaurs
  3 wolves (D:10)
  4 kobold brigands
  A gnoll sergeant (D:10)
  4 bullfrogs
  2 scorpions
  4 necrophages
  12 wights
  Dowan (D:4)
  11 killer bees
  2 howler monkeys
  3 hounds
  A gnoll bouda (D:9)
  7 orc priests
  A centaur skeleton (D:6)
  Terence (D:3)
  4 iguanas
  Natasha (twice) (D:4)
  11 orc wizards
  3 gnolls (D:10)
  9 adders
  2 river rats (D:5)
  A shadow imp (D:7)
  A white imp (D:5)
  An ufetubus (D:5)
  A worm (D:5)
  3 dart slugs
  48 orcs
  7 endoplasms
  6 giant cockroaches
  4 goblins
  4 hobgoblins
  7 jackals (D:1)
  3 quokkas
  8 ball pythons
  10 bats
  4 frilled lizards
  24 kobolds
  8 rats
283 creatures vanquished.

Vanquished Creatures (collateral kills)
  18 foxfires
18 creatures vanquished.

Vanquished Creatures (others)
  840 foxfires
  A fungus (D:10)
  12 plants
853 creatures vanquished.

Grand Total: 1154 creatures vanquished

Notes
Turn   | Place    | Note
-------+----------+-------------------------------------------
     0 | D:1      | gelatine the Demonspawn Fire Elementalist began the quest
                  | for the Orb.
     0 | D:1      | Reached XP level 1. HP: 13/13 MP: 3/3
   131 | D:1      | Gained mutation: You are partially covered in sharp spines.
                  | [demonic ancestry]
   131 | D:1      | Reached XP level 2. HP: 17/19 MP: 3/5
   217 | D:1      | Reached skill level 3 in Fire Magic
   759 | D:1      | Reached XP level 3. HP: 24/24 MP: 0/6
  1098 | D:2      | Found a faded altar of an unknown god.
  1146 | D:2      | Learned a level 2 spell: Scorch
  1425 | D:2      | Noticed a necrophage
  1429 | D:2      | Killed a necrophage
  1430 | D:2      | Reached XP level 4. HP: 31/31 MP: 1/7
  2518 | D:3      | Reached skill level 1 in Fighting
  2606 | D:3      | Reached XP level 5. HP: 37/37 MP: 3/9
  2676 | D:3      | Noticed Terence
  2696 | D:3      | Killed Terence
  3570 | D:4      | Reached skill level 4 in Fire Magic
  3632 | D:4      | Gained mutation: You regenerate magic rapidly. [demonic
                  | ancestry]
  3632 | D:4      | Reached XP level 6. HP: 40/44 MP: 5/10
  3696 | D:4      | Noticed an ice beast
  3701 | D:4      | Noticed Dowan
  3702 | D:4      | Killed an ice beast
  3702 | D:4      | Noticed Duvessa
  3843 | D:4      | Killed Dowan
  3850 | D:4      | HP: 2/44 [Duvessa/+0 short sword (8)]
  3851 | D:4      | Killed Duvessa
  3852 | D:4      | Gained mutation: Your movements are slightly less
                  | encumbered by armour. (ER -2) [demonic ancestry]
  3852 | D:4      | Reached XP level 7. HP: 2/50 MP: 1/12
  4031 | D:4      | Noticed Natasha
  4038 | D:4      | Killed Natasha
  4117 | D:4      | Found a shadowy altar of Dithmenos.
  4183 | D:4      | Noticed Menkaure
  4187 | D:4      | Killed Menkaure
  4188 | D:4      | Reached skill level 1 in Armour
  4188 | D:4      | Reached skill level 5 in Fire Magic
  4212 | D:4      | Noticed Natasha
  4219 | D:4      | Killed Natasha
  4560 | D:5      | Entered Level 5 of the Dungeon
  4603 | D:5      | Found a glowing drain.
  4710 | Sewer    | Entered a sewer
  4743 | Sewer    | Reached skill level 1 in Axes
  4921 | Sewer    | Reached XP level 8. HP: 58/58 MP: 14/14
  5135 | D:5      | Found a broken altar of Ashenzari.
  5346 | D:5      | Found a burning altar of Makhleb.
  5474 | D:5      | Found an ancient bone altar of Kikubaaqudgha.
  5519 | D:6      | Reached skill level 6 in Fire Magic
  5520 | D:6      | Identified the +1 robe of Contumacious Joy {Harm rPois
                  | Will+}
  5535 | D:6      | Gained mutation: Your spells are a little harder to cast,
                  | but a little more powerful. [potion of mutation]
  5535 | D:6      | Gained mutation: Your flesh is heat resistant. (rF+)
                  | [potion of mutation]
  5535 | D:6      | Gained mutation: You have sharp toenails. [potion of
                  | mutation]
  5541 | D:6      | Learned a level 4 spell: Flame Wave
  5628 | D:6      | You fall into a shaft and drop 2 floors!
  5636 | D:8      | Found an iron altar of Okawaru.
  5768 | D:7      | Reached skill level 5 in Conjurations
  5768 | D:7      | Gained mutation: You have a small tail. [demonic ancestry]
  5768 | D:7      | Reached XP level 9. HP: 60/65 MP: 14/16
  5865 | D:7      | Reached skill level 5 in Spellcasting
  5999 | D:7      | Found a staircase to the Ecumenical Temple.
  6008 | Temple   | Entered the Ecumenical Temple
  6068 | Temple   | Became a worshipper of Vehumet
  6118 | D:7      | Reached skill level 7 in Fire Magic
  6123 | D:7      | Reached skill level 1 in Evocations
  6710 | D:8      | HP: 1/66 [orc warrior/+0 scimitar (17)]
  6730 | D:8      | Reached * piety under Vehumet
  6730 | D:8      | Offered knowledge of Kiss of Death by Vehumet.
  6736 | D:8      | Reached skill level 5 in Fighting
  6736 | D:8      | Reached XP level 10. HP: 28/74 MP: 16/19
  7376 | D:8      | Found a sparkling altar of Nemelex Xobeh.
  7400 | D:8      | Found a bloodstained altar of Trog.
  7466 | D:9      | Noticed a cyclops
  7474 | D:9      | Killed a cyclops
  7475 | D:9      | Reached skill level 5 in Dodging
  7567 | D:9      | Offered knowledge of Momentum Strike by Vehumet.
  7971 | D:9      | Noticed Maggie
  7978 | D:9      | Reached ** piety under Vehumet
  7979 | D:9      | Reached skill level 8 in Fire Magic
  7980 | D:9      | Killed Maggie
  8065 | D:9      | Found Becant's Antique Armour Shoppe.
  8070 | D:9      | Bought a pair of gloves for 139 gold pieces
  8421 | D:9      | Found a staircase to the Orcish Mines.
  8633 | D:9      | Found a hide-covered altar of Uskayaw.
  8637 | D:9      | Offered knowledge of Static Discharge by Vehumet.
  8652 | D:9      | Learned a level 2 spell: Static Discharge
  8931 | D:10     | Entered Level 10 of the Dungeon
  8995 | D:10     | Found a blossoming altar of Fedhas.
  9357 | D:6      | Found a runed translucent gate.
  9357 | D:6      | Found a runed translucent gate.
  9358 | D:6      | Found a runed translucent gate.
  9360 | D:6      | Noticed Newt's ghost (novice DsGl)
  9366 | D:6      | Gained mutation: You have a tail ending in a sharp stinger.
                  | [demonic ancestry]
  9366 | D:6      | Reached XP level 11. HP: 80/81 MP: 21/21
  9378 | D:6      | Killed Newt's ghost
  9578 | D:6      | Reached *** piety under Vehumet
  9592 | D:6      | Identified a scroll of acquirement
  9593 | D:6      | Acquired the ring "Gonne" {rElec Will+ MP+9 AC+4}
 10123 | D:10     | Noticed a two-headed ogre
 10136 | D:10     | Killed a two-headed ogre
 10322 | D:10     | Offered knowledge of Ignite Poison by Vehumet.
 10339 | D:10     | Reached skill level 1 in Air Magic
 10360 | D:10     | Reached skill level 9 in Fire Magic
 10365 | D:10     | Killed from afar by a rime drake

Illustrated notes

Levels and vault maps discovered:
D:1:      ncdulo_watergridlock, layout_loops_cross
D:2:      layout_basic, nicolae_ecumenical_pavilion
D:3:      layout_basic, uniq_terence
D:4:      layout_loops_ring, mainiacjoe_overflow_paths, palyth_stone_intersect,
          uniq_natasha, uniq_menkaure, uniq_duvessa
D:5:      layout_basic, mainiacjoe_overflow_catwalk,
          mainiacjoe_overflow_chevrons, nicolae_overflow_two_pavilions,
          portal_sewer_entry_e
D:6:      layout_basic, gammafunk_ghost_necromancy
D:7:      layout_loops_cross, minmay_temple_entry_drinking_statues
D:8:      layout_rooms, kennysheep_mini_moat, kennysheep_little_box,
          mainiacjoe_overflow_boulevard
D:9:      minmay_angry_zag, layout_layer_cave, nicolae_uskayaw_dance_studio,
          david_orc_4, serial_shops, nicolae_shop_hallway_plus, uniq_maggie
D:10:     layout_loops_ring, mainiacjoe_overflow_cross_hatched,
          hellmonk_lair_entry_icy, dreamdust_mushroom_princess
Temple:   nicolae_temple_x_marks_the_god

Skill      XL: |  1  2  3  4  5  6  7  8  9 10 11 |
---------------+----------------------------------+-----
Fire Magic     | 3 4 5 6 7 8 9 |  9.0
Dodging        | 2 3 4 5 |  5.7
Stealth        | 2 |  2.3
Conjurations   | 2 3 5 6 7 |  7.2
Fighting       | 1 2 3 5 6 |  6.6
Spellcasting   | 3 4 6 7 |  7.3
Armour         | 1 2 4 |  4.6
Axes           | 1 2 |  2.2
Evocations     | 2 3 |  3.6
Air Magic      | 1 |  1.0
Short Blades   | |  0.7
Long Blades    | |  0.5

Action                   |  1- 3 |  4- 6 |  7- 9 | 10-12 || total
-------------------------+-------+-------+-------+-------++-------
Melee: Dagger            |    19 |       |       |       ||    19
       Unarmed           |     3 |       |       |       ||     3
       Short sword       |    10 |    19 |       |       ||    29
       War axe           |       |     7 |    29 |    54 ||    90
       Kick              |       |       |     9 |    22 ||    31
       Great sword       |       |       |    13 |     5 ||    18
       Tailslap          |       |       |     2 |     4 ||     6
 Cast: Foxfire           |    58 |    84 |   218 |   172 ||   532
       Scorch            |     2 |    23 |    36 |    34 ||    95
       Flame Wave        |       |       |     3 |    10 ||    13
       Static Discharge  |       |       |       |    35 ||    35
  Use: Potion            |       |     1 |     2 |       ||     3
       Scroll            |       |       |     9 |     5 ||    14
Armor: Robe              |    12 |     2 |       |       ||    14
       Ring mail         |       |    11 |    35 |    65 ||   111
Dodge: Dodged            |    28 |    37 |    37 |    93 ||   195

Table legend: (Time is in decaauts)
 A = Elapsed time spent in this place.
 B = Non-inter-level travel time spent in this place.
 C = Inter-level travel time spent in this place.
 D = Time resting spent in this place.
 E = Time spent auto-exploring this place.
 F = Levels seen in this place.
 G = Mean time per level.
                   A        B        C        D        E       F      G
               +--------+--------+--------+--------+--------+-----+--------+
         Total |  10439 |  10036 |    403 |      0 |   8235 |  12 |  869.9 |
       Dungeon |  10051 |   9648 |    403 |      0 |   7994 |  10 | 1005.1 |
        Temple |     64 |     64 |      0 |      0 |     44 |   1 |   64.0 |
         Sewer |    324 |    324 |      0 |      0 |    197 |   1 |  324.0 |
               +--------+--------+--------+--------+--------+-----+--------+

Top non-repeatable levels by time:
     D:9: 1490 daAuts
     D:2: 1312 daAuts
     D:3: 1144 daAuts
     D:1: 1097 daAuts
     D:4: 1011 daAuts
     D:7: 971 daAuts
     D:6: 954 daAuts
     D:8: 856 daAuts
     D:5: 683 daAuts
    D:10: 528 daAuts
   Sewer: 324 daAuts
  Temple: 64 daAuts
